TOP OF THE 1ST |
Indianapolis HS Chaos batting - Pitching for Brookline HS Warriors : RHP Matt Harrison
|
Pitching: RHP Matt Harrison
|
|
Batting: SHB Mark Hendree
|
0-0: Ball 1-0: Ball 2-0: Ball 3-0: Base on Balls
|
Batting: RHB Johnny Becker
|
0-0: Ball 1-0: Fly out, F7 (Line Drive, 7M)
|
Batting: LHB Ben Donaldson
|
0-0: Ball 1-0: Ball 2-0: Called Strike 2-1: Grounds into double play, 4-6-3 (Groundball, 4)
|
Top of the 1st over - 0 run(s), 0 hit(s), 0 error(s), 0 left on base; Indianapolis HS 0 - Brookline HS 0 |
BOTTOM OF THE 1ST |
Brookline HS Warriors batting - Pitching for Indianapolis HS Chaos : LHP Ryan Roach
|
Pitching: LHP Ryan Roach
|
|
Batting: LHB Desmond Huth
|
0-0: Called Strike 0-1: Bunt missed! 0-2: Ball 1-2: Ball 2-2: Ball 3-2: Base on Balls
|
Batting: RHB Tim Smith
|
0-0: Called Strike 0-1: Called Strike 0-2: Ball 1-2: Strikes out swinging
|
Batting: RHB Tom McBride
|
0-0: Foul Ball, location: 2F 0-1: Called Strike 0-2: Strikes out swinging
|
Batting: LHB Jonathan Martin
|
0-0: Foul Ball, location: 2F 0-1: Foul Ball, location: 2F 0-2: Ball 1-2: Strikes out swinging
|
Bottom of the 1st over - 0 run(s), 0 hit(s), 0 error(s), 1 left on base; Indianapolis HS 0 - Brookline HS 0 |
TOP OF THE 2ND |
Indianapolis HS Chaos batting - Pitching for Brookline HS Warriors : RHP Matt Harrison
|
Batting: RHB Curt David
|
0-0: Called Strike 0-1: Ball 1-1: SINGLE (Groundball, 6M)
|
Batting: RHB Robert Blanchard
|
0-0: Called Strike 0-1: Foul Ball, location: 2F 0-2: Strikes out looking
|
Batting: RHB Jesús Lima
|
0-0: Foul Ball, location: 2F 0-1: Ball 1-1: DOUBLE (Line Drive, 8LXD) Curt David to third Runner from 3rd tries for Home, SAFE, throw made home
|
Batting: RHB Patrice Charette
|
0-0: Ball 1-0: Ball 2-0: Called Strike 2-1: Foul Ball, location: 2F 2-2: Ground out 4-3 (Groundball, 34) Jesús Lima to third
|
Batting: RHB Zander von Strantz
|
0-0: Foul Ball, location: 2F 0-1: Ball 1-1: Swinging Strike 1-2: Strikes out swinging
|
Top of the 2nd over - 1 run(s), 2 hit(s), 0 error(s), 1 left on base; Indianapolis HS 1 - Brookline HS 0 |
BOTTOM OF THE 2ND |
Brookline HS Warriors batting - Pitching for Indianapolis HS Chaos : LHP Ryan Roach
|
Batting: RHB Paco Cabrera
|
0-0: Ball 1-0: Fly out, F9 (Flyball, 89M)
|
Batting: RHB Francisco Durango
|
0-0: Ball 1-0: Ball 2-0: Called Strike 2-1: Ball 3-1: Swinging Strike 3-2: Foul Ball, location: 2F 3-2: Strikes out swinging
|
Batting: SHB Luis Rodríguez
|
0-0: Called Strike 0-1: Ball 1-1: Ball 2-1: Fly out, F8 (Flyball, 8LS)
|
Bottom of the 2nd over - 0 run(s), 0 hit(s), 0 error(s), 0 left on base; Indianapolis HS 1 - Brookline HS 0 |
TOP OF THE 3RD |
Indianapolis HS Chaos batting - Pitching for Brookline HS Warriors : RHP Matt Harrison
|
Batting: LHB Kyle Robbins
|
0-0: Ball 1-0: Called Strike 1-1: Ball 2-1: Ball 3-1: Base on Balls
|
Batting: SHB Mark Hendree
|
0-0: Called Strike 0-1: Called Strike 0-2: Ball 1-2: Strikes out looking
|
Batting: RHB Johnny Becker
|
0-0: Called Strike 0-1: Fielders Choice at 2nd, 1-6 (Groundball, 13S)
|
Batting: LHB Ben Donaldson
|
0-0: Ball 1-0: Ball 2-0: Ball 3-0: Called Strike 3-1: Base on Balls Johnny Becker to second
|
Batting: RHB Curt David
|
0-0: Called Strike 0-1: DOUBLE (Flyball, 8RXD) Johnny Becker scores Ben Donaldson to third
|
Batting: RHB Robert Blanchard
|
0-0: Ball 1-0: Ball 2-0: Ball 3-0: Base on Balls
|
Batting: RHB Jesús Lima
|
0-0: Ball 1-0: Called Strike 1-1: Ball 2-1: Foul Ball, location: 2F 2-2: Ball 3-2: Base on Balls Ben Donaldson scores Curt David to third Robert Blanchard to second
|
Batting: RHB Patrice Charette
|
0-0: Fly out, F9 (Flyball, 9M)
|
Top of the 3rd over - 2 run(s), 1 hit(s), 0 error(s), 3 left on base; Indianapolis HS 3 - Brookline HS 0 |
BOTTOM OF THE 3RD |
Brookline HS Warriors batting - Pitching for Indianapolis HS Chaos : LHP Ryan Roach
|
Batting: RHB Owen Jenkins
|
0-0: Ball 1-0: Called Strike 1-1: Ball 2-1: Foul Ball, location: 2F 2-2: Ball 3-2: Foul Ball, location: 2F 3-2: SINGLE (Groundball, 56) (infield hit)
|
Batting: RHB Bob Bishop
|
0-0: Foul Ball, location: 2F 0-1: Ball 1-1: Foul Ball, location: 2F 1-2: Ball 2-2: Ball 3-2: Strikes out swinging
|
Batting: LHB Desmond Huth
|
0-0: Called Strike 0-1: SINGLE (Groundball, 34D) Owen Jenkins to second Runner from 2nd tries for 3rd, SAFE, no throw or cutoff
|
Batting: RHB Tim Smith
|
0-0: Ball 1-0: Ball 2-0: Called Strike 2-1: Ball 3-1: Base on Balls Desmond Huth to second
|
Batting: RHB Tom McBride
|
0-0: Called Strike 0-1: Foul Ball, location: 2F 0-2: Ball 1-2: Ball 2-2: Ball 3-2: Base on Balls Owen Jenkins scores Desmond Huth to third Tim Smith to second
|
Batting: LHB Jonathan Martin
|
0-0: Foul Ball, location: 2F 0-1: Foul Ball, location: 2F 0-2: Fly out, F8 (Line Drive, 8RM) Runner from 3rd tags up, SCORES, no throw
|
Batting: RHB Paco Cabrera
|
0-0: Called Strike 0-1: Swinging Strike 0-2: Ball 1-2: Foul Ball, location: 2F 1-2: SINGLE (Groundball, 15S) (infield hit) Tim Smith to third Tom McBride to second
|
Batting: RHB Francisco Durango
|
0-0: Ball 1-0: Ball 2-0: Foul Ball, location: 2F 2-1: Fly out, F7 (Flyball, 78M)
|
Bottom of the 3rd over - 2 run(s), 3 hit(s), 0 error(s), 3 left on base; Indianapolis HS 3 - Brookline HS 2 |
TOP OF THE 4TH |
Indianapolis HS Chaos batting - Pitching for Brookline HS Warriors : RHP Matt Harrison
|
Batting: RHB Zander von Strantz
|
0-0: Called Strike 0-1: Ground out U3 (Groundball, 3L)
|
Batting: LHB Kyle Robbins
|
0-0: Called Strike 0-1: Swinging Strike 0-2: Strikes out swinging
|
Batting: SHB Mark Hendree
|
0-0: Swinging Strike 0-1: Ball 1-1: Ball 2-1: Ball 3-1: Base on Balls
|
Batting: RHB Johnny Becker
|
0-0: Called Strike Mark Hendree steals 2nd base 0-1: Ball 1-1: Ball 2-1: Ball 3-1: Fly out, F8 (Flyball, 8LM)
|
Top of the 4th over - 0 run(s), 0 hit(s), 0 error(s), 1 left on base; Indianapolis HS 3 - Brookline HS 2 |
BOTTOM OF THE 4TH |
Brookline HS Warriors batting - Pitching for Indianapolis HS Chaos : LHP Ryan Roach
|
Batting: SHB Luis Rodríguez
|
0-0: Ball 1-0: Called Strike 1-1: Ball 2-1: Ground out 5-3 (Groundball, 56)
|
Batting: RHB Owen Jenkins
|
0-0: Called Strike 0-1: SINGLE (Flyball, 8RS)
|
Batting: RHB Bob Bishop
|
0-0: Called Strike 0-1: SINGLE (Groundball, 6MD) Owen Jenkins to second Runner from 2nd tries for 3rd, SAFE, throw made to third
|
Batting: LHB Desmond Huth
|
0-0: Ball 1-0: Swinging Strike 1-1: Swinging Strike 1-2: Strikes out swinging
|
Pitching: LHP Leonardo Casas
|
|
Batting: RHB Tim Smith
|
0-0: Ball 1-0: Swinging Strike 1-1: Ball 2-1: Fly out, F4 (Popup, 4)
|
Bottom of the 4th over - 0 run(s), 2 hit(s), 0 error(s), 2 left on base; Indianapolis HS 3 - Brookline HS 2 |
TOP OF THE 5TH |
Indianapolis HS Chaos batting - Pitching for Brookline HS Warriors : RHP Matt Harrison
|
Batting: LHB Ben Donaldson
|
0-0: Foul Ball, location: 2F 0-1: Foul Ball, location: 2F 0-2: Foul Ball, location: 2F 0-2: Strikes out looking
|
Batting: RHB Curt David
|
0-0: Called Strike 0-1: SOLO HOME RUN (Line Drive, 89XD), Distance : 428 ft
|
Batting: RHB Robert Blanchard
|
0-0: Called Strike 0-1: Ball 1-1: Ball 2-1: Ball 3-1: Base on Balls
|
Pitching: RHP Scott Robbins
|
|
Batting: RHB Jesús Lima
|
0-0: Foul Ball, location: 2F 0-1: SINGLE (Flyball, 8RS) Robert Blanchard to second
|
Batting: RHB Patrice Charette
|
0-0: Called Strike 0-1: Ball 1-1: SINGLE (Line Drive, 9S) Robert Blanchard to third Jesús Lima to second
|
Batting: RHB Zander von Strantz
|
0-0: Called Strike 0-1: Foul Ball, location: 2F Reached via error on a dropped throw, E6 Robert Blanchard scores Jesús Lima to third Patrice Charette to second
|
Batting: LHB Kyle Robbins
|
0-0: Called Strike 0-1: Ball 1-1: Ground out 5-3 (Groundball, 5S) Jesús Lima scores Patrice Charette to third Zander von Strantz to second
|
Batting: SHB Mark Hendree
|
0-0: Swinging Strike 0-1: Ball 1-1: Ball 2-1: Foul Ball, location: 2F 2-2: Ball 3-2: Base on Balls
|
Batting: RHB Johnny Becker
|
0-0: Ball 1-0: Swinging Strike 1-1: Foul Ball, location: 2F 1-2: Strikes out swinging
|
Top of the 5th over - 3 run(s), 3 hit(s), 1 error(s), 3 left on base; Indianapolis HS 6 - Brookline HS 2 |
BOTTOM OF THE 5TH |
Brookline HS Warriors batting - Pitching for Indianapolis HS Chaos : LHP Leonardo Casas
|
Batting: RHB Tom McBride
|
0-0: SINGLE (Line Drive, 56)
|
Batting: LHB Jonathan Martin
|
0-0: Ball 1-0: Foul Ball, location: 2F 1-1: Swinging Strike 1-2: Ball 2-2: Strikes out swinging
|
Batting: RHB Paco Cabrera
|
0-0: Ball 1-0: Called Strike 1-1: Foul Ball, location: 2F 1-2: Foul Ball, location: 2F 1-2: Fly out, F3 (Popup, 3D)
|
Batting: RHB Francisco Durango
|
0-0: Ball 1-0: Ball 2-0: Ball 3-0: Base on Balls Tom McBride to second
|
Batting: SHB Luis Rodríguez
|
0-0: Ball 1-0: Fly out, F3 (Line Drive, 3L)
|
Bottom of the 5th over - 0 run(s), 1 hit(s), 0 error(s), 2 left on base; Indianapolis HS 6 - Brookline HS 2 |
TOP OF THE 6TH |
Indianapolis HS Chaos batting - Pitching for Brookline HS Warriors : RHP Scott Robbins
|
Batting: LHB Ben Donaldson
|
0-0: Called Strike 0-1: Foul Ball, location: 2F 0-2: Foul Ball, location: 2F 0-2: Fly out, F2 (Popup, 2RF)
|
Batting: RHB Curt David
|
0-0: Ball 1-0: Foul Ball, location: 2F 1-1: Ball 2-1: Ball 3-1: Foul Ball, location: 2F 3-2: Strikes out swinging
|
Batting: RHB Robert Blanchard
|
0-0: Swinging Strike 0-1: Foul Ball, location: 2F 0-2: Ball 1-2: Ball 2-2: SINGLE (Line Drive, 4M)
|
Batting: RHB Jesús Lima
|
0-0: Ball 1-0: Ground out 5-3 (Groundball, 56S)
|
Top of the 6th over - 0 run(s), 1 hit(s), 0 error(s), 1 left on base; Indianapolis HS 6 - Brookline HS 2 |
BOTTOM OF THE 6TH |
Brookline HS Warriors batting - Pitching for Indianapolis HS Chaos : LHP Leonardo Casas
|
Batting: RHB Owen Jenkins
|
0-0: Ball 1-0: Ball 2-0: Foul Ball, location: 2F 2-1: Foul Ball, location: 2F 2-2: Strikes out looking
|
Batting: RHB Bob Bishop
|
0-0: Called Strike 0-1: Ball 1-1: Swinging Strike 1-2: Strikes out swinging
|
Batting: LHB Desmond Huth
|
0-0: Ball 1-0: Ball 2-0: Ball 3-0: Called Strike 3-1: Base on Balls
|
Batting: RHB Tim Smith
|
0-0: Foul Ball, location: 2F 0-1: Ball 1-1: Ball 2-1: Ball 3-1: Base on Balls Desmond Huth to second
|
Batting: RHB Tom McBride
|
0-0: Ball 1-0: Called Strike 1-1: Swinging Strike 1-2: Foul Ball, location: 2F 1-2: Fly out, F8 (Flyball, 8RM)
|
Bottom of the 6th over - 0 run(s), 0 hit(s), 0 error(s), 2 left on base; Indianapolis HS 6 - Brookline HS 2 |
TOP OF THE 7TH |
Indianapolis HS Chaos batting - Pitching for Brookline HS Warriors : RHP Scott Robbins
|
Pitching: RHP Dave Bryant
|
|
Batting: RHB Patrice Charette
|
0-0: Swinging Strike 0-1: Foul Ball, location: 2F 0-2: Ball 1-2: SINGLE (Groundball, 56D)
|
Batting: RHB Zander von Strantz
|
0-0: Called Strike 0-1: Ball 1-1: Foul Ball, location: 2F 1-2: Ball 2-2: Ball Wild Pitch! Patrice Charette to second 3-2: Strikes out looking
|
Batting: LHB Kyle Robbins
|
0-0: Ball 1-0: Ball 2-0: Ball 3-0: Called Strike 3-1: Base on Balls
|
Batting: SHB Mark Hendree
|
0-0: Called Strike 0-1: Swinging Strike 0-2: SINGLE (Line Drive, 3D) Patrice Charette to third Kyle Robbins to second Runner from 3rd tries for Home, SAFE, no throw or cutoff
|
Batting: RHB Johnny Becker
|
0-0: Called Strike 0-1: Ball 1-1: Called Strike 1-2: Fly out, F8 (Flyball, 89M)
|
Batting: LHB Ben Donaldson
|
0-0: Ball 1-0: Foul Ball, location: 2F 1-1: Foul Ball, location: 2F 1-2: SINGLE (Groundball, 34D) Kyle Robbins to third Mark Hendree to second Runner from 3rd tries for Home, SAFE, no throw or cutoff
|
Batting: RHB Curt David
|
0-0: Ball 1-0: Foul Ball, location: 2F 1-1: Ball 2-1: Fly out, F9 (Popup, 9S)
|
Top of the 7th over - 2 run(s), 3 hit(s), 0 error(s), 2 left on base; Indianapolis HS 8 - Brookline HS 2 |
BOTTOM OF THE 7TH |
Brookline HS Warriors batting - Pitching for Indianapolis HS Chaos : LHP Leonardo Casas
|
Batting: LHB Jonathan Martin
|
0-0: Called Strike 0-1: SINGLE (Line Drive, 9LS)
|
Pitching: RHP Carl Pearson
|
|
Batting: RHB Paco Cabrera
|
0-0: Ball 1-0: Reached on Error, E8 (Flyball, 89M) Jonathan Martin to second
|
Batting: RHB Francisco Durango
|
0-0: Ball 1-0: Fly out, F9 (Flyball, 9M)
|
Batting: SHB Luis Rodríguez
|
0-0: Called Strike Jonathan Martin is caught stealing 3rd base Paco Cabrera to second 0-1: Ball 1-1: Ball 2-1: Fly out, F4 (Popup, 89S)
|
Bottom of the 7th over - 0 run(s), 1 hit(s), 1 error(s), 1 left on base; Indianapolis HS 8 - Brookline HS 2 |
TOP OF THE 8TH |
Indianapolis HS Chaos batting - Pitching for Brookline HS Warriors : RHP Dave Bryant
|
Batting: RHB Robert Blanchard
|
0-0: Ball 1-0: SINGLE (Line Drive, 6MD)
|
Batting: RHB Jesús Lima
|
0-0: Ball 1-0: Sac Bunt - play at first, batter OUT! 5-3 Robert Blanchard to second
|
Batting: RHB Patrice Charette
|
0-0: Called Strike 0-1: Ball 1-1: Foul Ball, location: 2F 1-2: Foul Ball, location: 2F 1-2: Reached on error, E6 (Groundball, 6M) Robert Blanchard scores
|
Batting: RHB Zander von Strantz
|
0-0: Hit by Pitch
|
Batting: LHB Kyle Robbins
|
0-0: Foul Ball, location: 2F 0-1: Ball 1-1: Ball 2-1: Ball 3-1: Base on Balls Patrice Charette to third Zander von Strantz to second
|
Pitching: RHP Juan Álvarez
|
|
Batting: SHB Mark Hendree
|
0-0: Called Strike 0-1: Called Strike 0-2: Foul Ball, location: 2F 0-2: Ball 1-2: Foul Ball, location: 2F 1-2: Strikes out looking
|
Batting: RHB Johnny Becker
|
0-0: Ball 1-0: Ball 2-0: Fly out, F3 (Popup, 3SF)
|
Top of the 8th over - 1 run(s), 1 hit(s), 1 error(s), 3 left on base; Indianapolis HS 9 - Brookline HS 2 |
BOTTOM OF THE 8TH |
Brookline HS Warriors batting - Pitching for Indianapolis HS Chaos : RHP Carl Pearson
|
Now in RF: Jack Gillespie
|
|
Batting: RHB Owen Jenkins
|
0-0: Ground out 5-3 (Groundball, 56)
|
Batting: RHB Bob Bishop
|
0-0: Ball 1-0: Foul Ball, location: 2F 1-1: Ball 2-1: Swinging Strike 2-2: Foul Ball, location: 2F 2-2: Strikes out looking
|
Batting: LHB Desmond Huth
|
0-0: Ball 1-0: SINGLE (Groundball, 4MD)
|
Batting: RHB Tim Smith
|
0-0: Ball 1-0: Fly out, F4 (Popup, 4)
|
Bottom of the 8th over - 0 run(s), 1 hit(s), 0 error(s), 1 left on base; Indianapolis HS 9 - Brookline HS 2 |
TOP OF THE 9TH |
Indianapolis HS Chaos batting - Pitching for Brookline HS Warriors : RHP Juan Álvarez
|
Batting: LHB Ben Donaldson
|
0-0: Ball 1-0: Ball 2-0: Foul Ball, location: 2F 2-1: Ball 3-1: Fly out, F7 (Flyball, 7M)
|
Batting: RHB Curt David
|
0-0: Swinging Strike 0-1: Ground out U3 (Groundball, 3S)
|
Batting: RHB Robert Blanchard
|
0-0: Foul Ball, location: 2F 0-1: Fly out, F8 (Line Drive, 8LM)
|
Top of the 9th over - 0 run(s), 0 hit(s), 0 error(s), 0 left on base; Indianapolis HS 9 - Brookline HS 2 |
BOTTOM OF THE 9TH |
Brookline HS Warriors batting - Pitching for Indianapolis HS Chaos : RHP Carl Pearson
|
Now at 1B: Danny Giles
|
|
Now at 2B: Michael Hastings
|
|
Batting: RHB Tom McBride
|
0-0: Ground out 5-3 (Groundball, 5)
|
Batting: LHB Jonathan Martin
|
0-0: Called Strike 0-1: SINGLE (Groundball, 56D)
|
Batting: RHB Paco Cabrera
|
0-0: Ball 1-0: Ball 2-0: Fly out, F9 (Flyball, 9LMF)
|
Batting: RHB Francisco Durango
|
0-0: Foul Ball, location: 2F 0-1: Foul Ball, location: 2F 0-2: Ball 1-2: Strikes out swinging
|
Bottom of the 9th over - 0 run(s), 1 hit(s), 0 error(s), 1 left on base; Indianapolis HS 9 - Brookline HS 2 |
|